 Dungeon Crawl Stone Soup version 0.18.1-8-gdd0e5ea (webtiles) character file.

1792 dysrexia the Covert (level 8, 5/38 HPs)
             Began as a Felid Wizard on May 18, 2016.
             Was an Initiate of Vehumet.
             Quit the game on level 5 of the Dungeon on May 23, 2016.
             The game lasted 01:06:48 (13127 turns).

dysrexia the Covert (Felid Wizard)                 Turns: 13127, Time: 01:06:49

Health: 5/38       AC:  2    Str:  1    XL:     8   Next: 82%
Magic:  15/17      EV: 18    Int: 20    God:    Vehumet [......]
Gold:   432        SH:  0    Dex: 16    Spells: 5 memorised, 6 levels left
                                        Lives:  1   Deaths: 1

rFire  . . .     SeeInvis +     (weapon unavailable)
rCold  . . .     Gourm    .     (armour unavailable)
rNeg   . . .     Faith    .     (shield unavailable)
rPois  .         Spirit   .     (helmet unavailable)
rElec  .         Dismiss  .     (cloak unavailable)
rCorr  .         Reflect  .     (gloves unavailable)
SustAt .         Harm     .     (boots unavailable)
MR     +....     Rnd*Tele +     (no amulet)
Stlth  +++++.....               (no ring)
                                (no ring)

@: quick, somewhat resistant to hostile enchantments, quite stealthy
A: no armour, no weapons or thrown items, claws 1, fangs 3, see invisible,
carnivore 3, speed 1, shaggy fur 2, slow metabolism 1, teleportitis 1, weak 1,
sharp paws
a: Renounce Religion


You were on level 5 of the Dungeon.
You worshipped Vehumet.
Vehumet was noncommittal.
You were completely stuffed.

You visited 2 branches of the dungeon, and saw 8 of its levels.

You collected 432 gold pieces.

Inventory:

Jewellery
 c - an uncursed ring of poison resistance {unknown}
 i - an uncursed ring of fire {unknown}
 l - a cursed ring of loudness {unknown}
Wands
 g - a wand of digging (9/24)
 n - a wand of lightning (3/15)
 o - a wand of polymorph (11/24)
 s - a wand of hasting (0/9)
Scrolls
 h - a scroll of teleportation
 j - a scroll of magic mapping
Potions
 e - 2 potions of degeneration
 f - a potion of berserk rage
 k - a potion of flight
 p - 2 potions of mutation
Books
 a - a book of Minor Magic

   Spells                             Type                      Level
   a - Magic Dart                     Conjuration                  1
   b - Blink                          Translocation                2
   c - Call Imp                       Summoning                    2
   d - Repel Missiles                 Charms/Air                   2
   e - Slow                           Hexes                        2
   f - Conjure Flame                  Conjuration/Fire             3
   g - Mephitic Cloud                 Conjuration/Poison/Air       3
Comestibles
 b - 5 meat rations
 d - 2 royal jellies
 r - 2 beef jerkies


   Skills:
 * Level 6.0 Fighting
 - Level 2.6 Dodging
 * Level 9.0 Stealth
 + Level 5.4 Spellcasting
 + Level 5.3 Conjurations
 - Level 1.7 Summonings
 - Level 1.5 Translocations
 - Level 1.9 Air Magic
 - Level 2.0 Poison Magic


You had 6 spell levels left.
You knew the following spells:

 Your Spells              Type           Power        Failure   Level  Hunger
a - Magic Dart            Conj           ####         1%          1    None
b - Blink                 Tloc           N/A          12%         2    None
c - Call Imp              Summ           ##......     10%         2    None
d - Mephitic Cloud        Conj/Pois/Air  ###.....     12%         3    ##.....
e - Conjure Flame         Conj/Fire      ###.....     12%         3    ##.....


Dungeon Overview and Level Annotations

Branches:
Dungeon (7/15)             Temple (1/1) D:5

Altars:
Cheibriados
Dithmenos
Elyvilon
Gozag
Nemelex Xobeh
Okawaru
Pakellas
Qazlal
Ru
Sif Muna
Vehumet
Xom
Zin

Shops:
D:5 %

Annotations:
D:3 buf2's ghost, amateur HuHu
D:4 exclusion: downstairs
D:6 Dowan; Duvessa; Eustachio


Innate Abilities, Weirdness & Mutations

You cannot wear armour.
You are incapable of wielding weapons or throwing items.
You have sharp claws.
You have razor-sharp teeth.
You have supernaturally acute eyesight.
You are carnivorous and can eat meat at any time.
You cover ground quickly.
You are covered in thick fur (AC +2).
You have a slow metabolism.
Your sharp claws are effective at attacking unaware monsters.
You are occasionally teleported next to monsters.
You are weak. (Str -2)


Message History

Cast which spell? (? or * to list)
Aiming: Magic Dart
Press: ? - help, Shift-Dir - straight line, f - orc
Aim: an orc, wielding a club The magic dart hits the orc.
The orc is almost dead.
The orc misses you.
Casting: Magic Dart
Confirm with . or Enter, or press ? or * to list all spells.
Aiming: Magic Dart
Press: ? - help, Shift-Dir - straight line, f/p - orc
Aim: an orc, wielding a club (almost dead)
The magic dart hits the orc.
You kill the orc!
Vehumet accepts your kill.
Things that are here:
a club; a rapier; an orc corpse
There is a stone staircase leading down here.
Enter note: No Are you sure you want to abandon this character and quit the game? (Confirm with "yes".)

.......#
#.#.##...###.#'#...#.#
.......#
#.#.##.#..#####..#...#
.......#
#.#..#.##..###..######
.......#
#.##.#.###..#..##
.......# #......#
##...## ########
####...# ##### ##..#
#.)# ##@# ###


There were no monsters in sight!

Vanquished Creatures
  The ghost of Statics the Insei, an amateur OpTm of Cheibriados (D:4)
  Edmund (D:5)
  An ice beast (D:5)
  2 ogres (D:3)
  A phantom (D:4)
  A centaur (D:5)
  2 giant frogs
  A scorpion (D:4)
  2 howler monkeys
  A crimson imp (D:5)
  A jelly (D:4)
  3 gnoll shamans (D:3)
  A hound (D:4)
  2 orc priests (D:4)
  A centaur skeleton (D:4)
  Jessica (D:3)
  Natasha (thrice) (D:3)
  4 orc wizards
  A worker ant (D:5)
  A killer bee zombie (D:5)
  A hound zombie (D:5)
  2 hound skeletons
  A worker ant zombie (D:5)
  34 gnolls (D:3)
  13 adders
  A shadow imp (D:4)
  4 oozes
  An adder skeleton (D:5)
  5 worms
  6 dart slugs
  5 giant geckos
  22 orcs
  6 giant cockroaches
  17 goblins
  10 hobgoblins
  24 jackals
  18 kobolds
  4 quokkas
  A ball python (D:2)
  10 bats
  5 giant newts
  A quokka skeleton (D:4)
  4 rats
226 creatures vanquished.

Notes
Turn   | Place    | Note
--------------------------------------------------------------
     0 | D:1      | dysrexia the Felid Wizard began the quest for the Orb.
     0 | D:1      | Reached XP level 1. HP: 7/7 MP: 5/5
     2 | D:1      | Noticed a minotaur
     2 | D:1      | Noticed a vine stalker
     4 | D:1      | Noticed a centaur
     4 | D:1      | Noticed a formicid
     6 | D:1      | Noticed a vampire
     8 | D:1      | Noticed an ogre
     8 | D:1      | Noticed a naga
    10 | D:1      | Noticed an elf
    10 | D:1      | Noticed a demigod
    12 | D:1      | Noticed a tengu
    12 | D:1      | Noticed a spriggan
    14 | D:1      | Noticed a halfling
    16 | D:1      | Noticed a demonspawn
    18 | D:1      | Noticed a human
    20 | D:1      | Noticed a merfolk
    20 | D:1      | Noticed an octopode
    22 | D:1      | Noticed a dwarf
    22 | D:1      | Noticed a draconian
    24 | D:1      | Noticed a gargoyle
    24 | D:1      | Noticed a felid
    26 | D:1      | Noticed a ghoul
    26 | D:1      | Noticed a troll
    39 | D:1      | Reached skill level 1 in Conjurations
   292 | D:1      | Reached XP level 2. HP: 6/11 MP: 4/7
   738 | D:1      | Learned a level 2 spell: Blink
   741 | D:1      | Learned a level 2 spell: Call Imp
   833 | D:1      | Reached XP level 3. HP: 14/14 MP: 0/8
  1882 | D:2      | Learned a level 3 spell: Mephitic Cloud
  2120 | D:2      | Found an opulent altar of Gozag.
  2144 | D:2      | Reached XP level 4. HP: 10/18 MP: 5/10
  2963 | D:2      | Found a deep blue altar of Sif Muna.
  3439 | D:2      | Found a snail-covered altar of Cheibriados.
  3528 | D:2      | Reached skill level 1 in Poison Magic
  3528 | D:2      | Reached XP level 5. HP: 21/21 MP: 3/11
  3926 | D:3      | Noticed Jessica
  3936 | D:3      | Killed Jessica
  4016 | D:3      | Reached skill level 1 in Air Magic
  4246 | D:3      | Found a shadowy altar of Dithmenos.
  4493 | D:3      | Noticed buf2's ghost (amateur HuHu)
  4546 | D:3      | Gained mutation: You are covered in thick fur (AC +2). [Felid growth]
  4546 | D:3      | Reached XP level 6. HP: 17/24 MP: 0/12
  5228 | D:3      | Reached skill level 1 in Fighting
  5420 | D:3      | Reached skill level 3 in Stealth
  5507 | D:3      | Noticed Natasha
  5521 | D:3      | Killed Natasha
  5591 | D:3      | Noticed Natasha
  5598 | D:3      | Killed Natasha
  5644 | D:3      | Reached skill level 4 in Stealth
  5921 | D:3      | Noticed Natasha
  5925 | D:3      | Killed Natasha
  5925 | D:3      | Reached XP level 7. HP: 30/30 MP: 10/14
  6531 | D:3      | Reached skill level 5 in Stealth
  7768 | D:4      | Found a sacrificial altar of Ru.
  8000 | D:3      | Gained mutation: You are weak. (Str -2) [potion of mutation]
  8000 | D:3      | Gained mutation: You are occasionally teleported next to monsters. [potion of mutation]
  8000 | D:3      | Slain by buf2's ghost
  8001 | D:3      | Reached XP level 6. HP: -2/28 MP: 4/13
  8122 | D:4      | Reached skill level 6 in Stealth
  8210 | D:4      | Noticed Statics's ghost (amateur OpTm)
  8313 | D:3      | Reached XP level 7. HP: 32/32 MP: 0/14
  8767 | D:3      | Learned a level 3 spell: Conjure Flame
  9210 | D:4      | Killed Statics's ghost
  9210 | D:4      | Reached skill level 7 in Stealth
  9317 | D:4      | Found a shimmering altar of Xom.
  9633 | D:3      | Reached skill level 5 in Fighting
  9773 | D:4      | Reached XP level 8. HP: 37/37 MP: 8/16
 10080 | D:4      | Reached skill level 5 in Spellcasting
 10385 | D:5      | Entered Level 5 of the Dungeon
 10410 | D:5      | Reached skill level 8 in Stealth
 10542 | D:5      | Noticed Edmund
 10922 | D:4      | Reached skill level 5 in Conjurations
 11115 | D:5      | Found a staircase to the Ecumenical Temple.
 11124 | Temple   | Entered the Ecumenical Temple
 11164 | Temple   | Became a worshipper of Vehumet
 11435 | D:5      | Found Geher's Food Shop.
 11536 | D:5      | Found a sparkling altar of Nemelex Xobeh.
 11678 | D:5      | Killed Edmund
 12129 | D:6      | Noticed Eustachio
 12144 | D:6      | Noticed Dowan
 12146 | D:6      | Noticed Duvessa
 12208 | D:6      | HP: 1/38 [poisoned by Eustachio]
 12213 | D:6      | HP: 1/38 [poisoned by Eustachio]
 13062 | D:5      | Reached skill level 9 in Stealth
 13106 | D:5      | Upgraded the game from 0.18.1-6-gd335043 to 0.18.1-8-gdd0e5ea
 13127 | D:5      | No
 13127 | D:5      | Quit the game

Skill      XL: |  1  2  3  4  5  6  7  8 |
---------------+-------------------------+-----
Conjurations   | 1 2 3 4 5 |  5.3
Poison Magic   | 1 2 |  2.0
Air Magic      | 1 |  1.9
Fighting       | 4 5 6 |  6.0
Stealth        | 6 7 9 |  9.0
Spellcasting   | 4 5 |  5.4
Dodging        | |  2.6
Summonings     | |  1.7
Translocations | |  1.5

Action                   |  1- 3 |  4- 6 |  7- 9 || total
-------------------------+-------+-------+-------++-------
Melee: Unarmed           |    13 |    59 |   110 ||   182
       Bite              |       |     7 |    10 ||    17
 Cast: Magic Dart        |    98 |   261 |   440 ||   799
       Call Imp          |     2 |     3 |     2 ||     7
       Blink             |       |     2 |       ||     2
       Mephitic Cloud    |       |    16 |    37 ||    53
       Conjure Flame     |       |       |     6 ||     6
  Use: Scroll            |       |     5 |     6 ||    11
       Potion            |       |       |     4 ||     4
 Stab: Sleeping          |     2 |     3 |     1 ||     6
       Distracted        |       |     1 |       ||     1
       Confused          |       |     5 |    15 ||    20
  Eat: Chunk             |     9 |    15 |    15 ||    39
Armor: Skin              |       |     3 |    13 ||    16
Dodge: Dodged            |    31 |    51 |   184 ||   266
